Map: Orbital Shipyard

Players

AcerBly (Bly)

  • Race: Zerg Zerg
  • League: Grandmaster

FireCake - Winner!

  • Race: Zerg Zerg
  • League: Grandmaster

Event: Gauntlet LotV Series 1 Qualifier 2

VOD

Have the link to the VOD?

Description

Time

  • Played on: Dec. 5, 2015, 6:17 p.m.
  • Length: 5:09

All games in this series

Show
View Real Time Build Order
Export as new Build Order

AcerBly Zerg 

Build Orders: Pool First 

Get SALT Encoding   

  12  0:01  Drone  
  13  0:10  Drone  
  13  0:13  Extractor  
  13  0:28  Spawning Pool  
  12  0:32  Drone  
  13  0:37  Drone  
  14  0:46  Extractor  
  14  0:47  Drone  
  15  0:54  Overlord  
  15  1:14  Queen  
  15  1:15  Metabolic Boost  
  17  1:19  Zergling x2  
  17  1:22  Zergling x2  
  19  1:26  Zergling x2  
  19  1:30  Zergling x2  
  21  1:51  Hatchery  
  20  1:57  Overlord  
  20  2:07  Zergling x4  
  22  2:15  Zergling x2  
  23  2:25  Zergling x6  
  23  2:29  Zergling x2  
  26  2:47  Drone  
  25  2:51  Queen  
  25  2:55  Drone x2  
  25  2:56  Drone  
  28  3:07  Drone x3  
  31  3:18  Zergling x4  
  29  3:27  Zergling x6  
  29  3:28  Drone x2  
  34  3:38  Baneling Nest, Zergling x4  
  34  3:46  Zergling x2  
  35  3:58  Overlord  
  35  3:59  Drone, Overlord  
  31  4:12  Zergling x2  
  31  4:13  Zergling x4  
  33  4:18  Overlord  
  33  4:22  Baneling x5  
  33  4:24  Drone x3  
  33  4:41  Drone x3  
  16  4:53  Drone x2  
Show
View Real Time Build Order
Export as new Build Order

FireCake Zerg - Winner!

Build Orders: Pool First 

Get SALT Encoding   

  12  0:01  Drone  
  13  0:08  Drone  
  14  0:18  Overlord  
  14  0:23  Drone, Extractor  
  15  0:36  Drone x2  
  17  0:45  Spawning Pool  
  17  0:46  Drone  
  17  1:05  Extractor  
  17  1:09  Hatchery  
  15  1:12  Drone  
  15  1:15  Drone  
  17  1:19  Drone  
  18  1:31  Queen  
  20  1:33  Zergling x2  
  20  1:37  Drone  
  22  1:49  Overlord  
  22  2:05  Metabolic Boost  
  22  2:07  Drone, Queen  
  25  2:10  Drone  
  26  2:21  Drone  
  27  2:25  Baneling Nest  
  27  2:28  Spine Crawler  
  27  2:29  Zergling x2  
  26  2:33  Evolution Chamber  
  22  2:46  Zergling x8  
  25  2:52  Zergling x2  
  25  3:00  Zergling x4  
  26  3:11  Zergling x4  
  28  3:16  Zergling x2  
  28  3:19  Baneling  
  26  3:24  Drone x2  
  28  3:32  Baneling  
  28  3:43  Zergling x8  
  28  3:45  Zergling x2  
  33  3:52  Overlord  
  33  3:59  Baneling x3  
  33  4:00  Baneling x2  
  33  4:07  Zergling x4  
  33  4:16  Zergling x6  
  36  4:26  Drone x2  
  34  4:44  Zergling x6  
  31  4:50  Zergling x2  
Tags
 
Add a new tag
Caveats
  • Supply blocks, unpowered buildings, or Contaminate may cause inaccurate times.
  • Supply counts are checked every 10 seconds.